 Dungeon Crawl Stone Soup version 0.21-a0-426-g98080a9 (webtiles) character file.

675988 zero the Axe Maniac (level 27, -9/192 HPs)
             Began as a Gargoyle Berserker on Nov 6, 2017.
             Was a High Priest of Trog.
             Killed by divine providence
             ... invoked by a smoke demon
              (12 damage)
             ... in the Vestibule of Hell.
             The game lasted 02:10:55 (67036 turns).

zero the Axe Maniac (Gargoyle Berserker)           Turns: 67036, Time: 02:10:56

Health: -9/192     AC: 56    Str: 54    XL:     27
Magic:  27/27      EV: 11    Int:  9    God:    Trog [*****.]
Gold:   8070       SH: 22    Dex: 17    Spells: 26/26 levels left

rFire    + + .     SeeInvis .   W - +9 broad axe (drain)
rCold    + + .     Gourm    .   c - +2 shield of a sewer {rPois Str+7 Dex+4}
rNeg     + + .     Faith    .   X - +1 plate armour of the Exiled People {rC+ Str+4 Dex+2}
rPois    ∞         Spirit   .   Z - +2 helmet
rElec    +         Reflect  .   A - scarf {rC+ rF+}
rCorr    .         Harm     .   I - +2 pair of gloves
MR       +++++                  d - +2 pair of boots
Stlth    ..........             V - amulet "Fuxze" {+Inv MR+ Regen+ Str+5}
HPRegen  1.82/turn              o - ring of Xuatrihi {rF+ rN+ Dex+2}
MPRegen  0.20/turn              P - +5 ring of strength

@: flying, very slightly contaminated, regenerating, studying Shields
A: big wings, icy blue scales 1, magic resistance 1, negative energy resistance
1, electricity resistance, wild magic 1, unbreathing, evolution 1, petrification
resistance, rot immunity, AC +20
}: 4/15 runes: decaying, slimy, silver, gossamer
a: Stop Flying, Berserk, Trog's Hand, Brothers in Arms, Burn Spellbooks,
Renounce Religion, Evoke Invisibility


You were in the Vestibule of Hell.
You worshipped Trog.
Trog was extremely pleased with you.
You were not hungry.

You visited 12 branches of the dungeon, and saw 55 of its levels.
You also visited: Sewer, Ossuary, Ice Cave and Wizlab.

You collected 9403 gold pieces.
You spent 1333 gold pieces at shops.

Inventory:

Hand Weapons
 g - a +3 antimagic broad axe
 N - a +8 broad axe of flaming
 Q - a +9 broad axe of venom
 W - a +9 broad axe of draining (weapon)
Missiles
 D - a throwing net (quivered)
Armour
 c - the +2 shield of a sewer (worn) {rPois Str+7 Dex+4}
   (You found it on level 5 of the Pits of Slime)

   It affects your strength (+7).
   It affects your dexterity (+4).
   It protects you from poison.
 d - a +2 pair of boots (worn)
 e - a scarf of repulsion
 A - a scarf of resistance (worn)
 I - a +2 pair of gloves (worn)
 X - the +1 plate armour of the Exiled People (worn) {rC+ Str+4 Dex+2}
   (You found it on level 5 of the Pits of Slime)

   It affects your strength (+4).
   It affects your dexterity (+2).
   It protects you from cold.
 Z - a +2 helmet (worn)
Jewellery
 o - the ring of Xuatrihi (left hand) {rF+ rN+ Dex+2}
   (You took it off a yaktaur captain on level 5 of the Vaults)

   [ring of positive energy]

   It affects your dexterity (+2).
   It protects you from fire.
   It protects you from negative energy.
 x - an uncursed ring of resist corrosion
 M - an uncursed ring of see invisible
 P - a +5 ring of strength (right hand)
 V - the amulet "Fuxze" (around neck) {+Inv MR+ Regen+ Str+5}
   (You bought it in a shop on level 5 of the Depths)

   [amulet of regeneration]

   It affects your strength (+5).
   It affects your resistance to hostile enchantments.
   It lets you turn invisible.
   It increases your rate of regeneration.
Wands
 b - a wand of flame (37/48)
 k - a wand of acid (8/15)
 s - a wand of digging (15/24)
 v - a wand of lightning (13/15)
 w - a wand of clouds (2/9)
 K - a wand of iceblast (6/15)
 R - a wand of scattershot (3/9)
 S - a wand of disintegration (11/24)
Scrolls
 a - 11 scrolls of identify
 i - a scroll of enchant armour
 n - 4 scrolls of blinking
 q - 20 scrolls of teleportation
 y - 13 scrolls of recharging
 z - 10 scrolls of fear
 C - 6 scrolls of fog
 G - 2 scrolls of holy word
 H - 40 scrolls of remove curse
 U - a scroll of summoning
 Y - 5 scrolls of magic mapping
Potions
 f - 17 potions of curing
 h - 3 potions of might
 j - 9 potions of lignification
 m - 7 potions of cancellation
 p - 12 potions of brilliance
 r - 8 potions of haste
 t - 3 potions of resistance
 u - 2 potions of heal wounds
 B - 3 potions of magic
 E - 5 potions of agility
 O - 6 potions of invisibility
Books
 F - a manual of Shields
Comestibles
 l - 21 bread rations


   Skills:
 + Level 24.5 Fighting
 O Level 27 Axes
 + Level 23.5 Armour
 - Level 1.5 Dodging
 - Level 20.1 Shields
 - Level 5.3 Evocations


You had 26 spell levels left.
You didn't know any spells.

Dungeon Overview and Level Annotations

Branches:
Dungeon (15/15)            Temple (0/1) D:7            Lair (6/6) D:11
  Swamp (4/4) Lair:4       Spider (4/4) Lair:4        Slime (5/5) Lair:5
    Orc (2/2) D:9             Elf (3/3) Orc:2        Vaults (5/5) D:13
  Crypt (3/3) Vaults:2       Tomb (2/3) Crypt:3      Depths (5/5) D:15
   Hell (1/1)                 Zot (0/5) Depths:5
    Dis: Hell:1         Geh: Hell:1         Coc: Hell:1         Tar: Hell:1

Altars:
Dithmenos
Elyvilon
Fedhas
Hepliaklqana
Kikubaaqudgha
Makhleb
Nemelex Xobeh
Qazlal
Sif Muna
Yredelemnul
Jiyva

Shops:
D:4 ?   D:11 *   D:15 [   Orc:2 }}((   Elf:2 }   Elf:3 :   Depths:5 =}=

Portals:
Hell: Depths:1 Depths:2 Depths:3 Depths:4 Depths:5
Abyss: Depths:1 Depths:4
Pandemonium: Depths:3
Ziggurat: Depths:4

Annotations:
D:6 Prince Ribbit
Hell Geryon


Innate Abilities, Weirdness & Mutations

You are resistant to torment.
Your stone body is resilient. (AC +20)
You are immune to poison.
Your large and strong wings let you fly indefinitely.
You resist negative energy. (rN+)
You are resistant to electric shocks. (rElec)
You can survive without breathing.
You are immune to petrification.
You are immune to rotting.
You are partially covered in icy blue scales. (AC +2)
You are resistant to hostile enchantments. (MR+)
Your spells are a little harder to cast, but a little more powerful.
You evolve.


Message History

You slice the ancient champion!!
You hit the ancient champion but do no damage.
You slice the skeletal warrior!!
The ancient champion is no longer moving quickly.
You block the ancient champion's attack.
You block the quicksilver dragon skeleton's attack. x2
Geryon closely misses you. You block the hell beast's attack.
The hell beast tramples you.
* * * LOW HITPOINT WARNING * * *
You hold your ground!
The skeletal warrior closely misses you.
The ancient champion hits you but does no damage.
The smoke demon gestures at you. Something smites you!
* * * LOW HITPOINT WARNING * * *
The iron imp hits you.
* * * LOW HITPOINT WARNING * * *
The smoke demon gestures at you. Something smites you!
You die...

......##'''##...
................
.................
........3........
........Z34z.....
.......Zzz4z.....
.......Zzz3z.....
......2)@zz5.....
.......52#&4.....
.....#2)4§†..#..
.......§.#.......
......3#.#.#.....
.....4..###. ....
....#.## ## #..
..... . .....


You could see Geryon, a hell beast, a reaper, 2 ancient champions, a blizzard
demon, 7 skeletal warriors, a soul eater, 2 rust devils, 3 smoke demons, 3 red
devils, an iron imp, a crimson imp, a shadow dragon zombie, an anaconda skeleton
and a quicksilver dragon skeleton.

Vanquished Creatures
  the Royal Jelly (Slime:5)
  4 ancient liches
  Sojobo (Vaults:5)
  18 greater mummies
  the Lernaean hydra (Swamp:4)
  A golden dragon (Vaults:5)
  The ghost of Serpenta the Stormcaller, an adept DrVM of Vehumet (Elf:3)
  Nikola (Swamp:4)
  The ghost of zkyp the Spry, an adept HuAr of Trog (Depths:1)
  A profane servitor (Crypt:3)
  2 bone dragons
  2 tentacled monstrosities (Vaults:5)
  5 liches
  Rupert (Lair:5)
  8 titans
  A deep elf master archer (Elf:3)
  2 quicksilver dragons
  2 deep elf blademasters (Elf:3)
  4 ancient champions
  15 acid blobs
  8 sphinxes
  Agnes (Elf:1)
  Donald (Vaults:4)
  Kirke (Swamp:2)
  8 shadow dragons
  8 tengu reavers
  3 storm dragons
  3 revenants
  A thorn hunter (Swamp:2)
  2 daevas (Depths:4)
  7 frost giants
  9 azure jellies (Slime:5)
  2 draconian knights (Depths:5)
  7 iron dragons
  5 fire giants
  3 ghost moths (Spider:4)
  8 deep elf sorcerers
  3 emperor scorpions
  3 deep elf elementalists (Elf:3)
  2 curse skulls (Crypt:3)
  Louise (Elf:1)
  4 spriggan defenders
  9 vault wardens
  5 war gargoyles (Vaults:5)
  10 ironheart preservers
  10 ghouls
  19 stone giants
  5 deep elf demonologists
  2 reapers (Hell)
  A green draconian (Depths:5)
  5 entropy weavers
  30 very ugly things
  Nessos (Lair:5)
  3 vampire knights
  2 bennus (Tomb:1)
  7 deep elf annihilators
  A lorocyproca (Depths:3)
  3 red draconians (Depths:5)
  Snorg (Lair:5)
  7 spark wasps
  14 eidola
  8 ettins
  5 death oozes (Slime:5)
  3 blizzard demons
  15 deep elf death magi
  5 jiangshi (Crypt:2)
  Josephine (Swamp:1)
  18 fire dragons
  18 mummy priests
  5 deep elf high priests
  14 yaktaur captains
  A quicksilver dragon zombie (Crypt:2)
  11 great orbs of eyes
  A hydra (shapeshifter) (Vaults:5)
  4 rakshasas
  21 hydras
  15 ogre magi
  A ghost crab (Swamp:1)
  27 vault guards
  18 ice dragons
  2 spriggan air magi (Depths:3)
  A catoblepas (Depths:4)
  4 death knights
  6 centaur warriors
  45 two-headed ogres
  11 alligators
  28 death scarabs
  5 tengu warriors
  7 hell hogs (Hell)
  17 dancing weapons
  3 vampire magi
  4 spriggan berserkers
  5 deep troll earth magi
  9 deep troll shamans
  3 small abominations
  4 soul eaters (Hell)
  Sonja (Lair:1)
  8 hell knights
  A salamander mystic (Depths:1)
  2 titan skeletons
  10 deep elf knights
  2 sun demons
  4 iron trolls
  3 shadow wraiths
  2 storm dragon zombies
  32 skeletal warriors
  A spectral anaconda (Depths:2)
  A deep troll (shapeshifter) (Vaults:5)
  2 storm dragon skeletons
  2 anaconda zombies (Crypt:3)
  3 unseen horrors
  7 swamp dragons
  6 flayed ghosts
  A spriggan druid (Swamp:3)
  3 death drakes (Depths:2)
  24 deep trolls
  2 ghost moth zombies
  An iron giant skeleton (Crypt:2)
  A spectral minotaur (Depths:2)
  5 glowing orange brains
  8 deep elf archers
  A golden dragon zombie (Crypt:3)
  A swamp dragon (shapeshifter) (D:15)
  15 ironbrand convokers
  3 wizards
  Pikel (D:9)
  3 shambling mangroves
  29 phantasmal warriors
  A wolf spider zombie (Crypt:3)
  A harpy (shapeshifter) (Vaults:5)
  3 orange crystal statues
  20 ugly things
  7 necromancers
  56 deep elf magi
  2 mana vipers (Depths:2)
  11 orc knights
  4 harpies (Vaults:5)
  5 manticores
  31 wolf spiders
  11 orb spiders
  A salamander (shapeshifter) (Vaults:5)
  A shadow dragon skeleton (Vaults:5)
  2 orc sorcerers
  A tengu skeleton (Vaults:2)
  6 cyclopes
  2 frost giant zombies
  2 oklob plants
  4 iron dragon zombies
  5 rust devils
  An elephant (shapeshifter) (Vaults:2)
  3 fire giant zombies
  2 salamanders (Depths:1)
  2 ice statues (IceCv)
  10 vault sentinels
  5 black mambas
  A smoke demon (Depths:1)
  A black mamba (shapeshifter) (Depths:3)
  5 eyes of devastation
  2 torpor snails
  2 gargoyles
  15 spiny frogs
  14 komodo dragons
  An iron troll zombie (Crypt:1)
  2 rime drakes (shapeshifter)
  2 centaur skeletons (D:14)
  25 yaktaurs
  A catoblepas zombie (Crypt:3)
  8 freezing wraiths
  12 ice devils
  A kobold demonologist (D:12)
  2 rime drakes (Lair:6)
  A spectral merfolk (Depths:2)
  3 anaconda simulacra
  2 efreet
  2 golden dragon simulacra (IceCv)
  A pale draconian skeleton (Crypt:2)
  A sea snake zombie (Crypt:2)
  23 guardian mummies
  2 hellwings
  15 demonic crawlers
  2 trolls (shapeshifter)
  32 jumping spiders
  A meliai (shapeshifter) (Vaults:3)
  A hydra zombie (Crypt:3)
  16 trolls
  A tengu simulacrum (Vaults:5)
  A red devil (Hell)
  A blink frog (shapeshifter) (Vaults:5)
  5 polar bears
  12 tyrant leeches
  31 hornets
  99 slime creatures
  A death drake skeleton (Crypt:1)
  4 hippogriffs
  15 bog bodies
  4 raiju (Depths:2)
  An ettin zombie (Tomb:2)
  A dream sheep (Lair:6)
  12 blink frogs
  3 ice dragon zombies (Crypt:3)
  An alligator zombie (Crypt:3)
  2 fire dragon zombies
  73 redbacks
  2 spriggan skeletons
  5 air elementals
  An ettin skeleton (Vaults:2)
  2 redbacks (shapeshifter)
  8 shadows
  A centaur simulacrum (D:10)
  A ynoxinul (Depths:3)
  A spriggan (shapeshifter) (D:15)
  16 water elementals
  28 tarantellas
  40 yaks
  5 vampires (Depths:2)
  12 flying skulls
  A human (shapeshifter) (Vaults:3)
  16 wraiths
  28 spriggans
  3 fire elementals
  A dire elephant simulacrum (IceCv)
  A tarantella (shapeshifter) (Vaults:4)
  4 wyverns
  6 ushabtiu
  6 golden eyes
  3 hogs (Swamp:2)
  A basilisk (Lair:4)
  3 hungry ghosts
  A chaos spawn (Depths:3)
  2 human simulacra
  7 vampire mosquitoes
  A steam dragon (D:15)
  A soldier ant (D:10)
  A swamp worm (shapeshifter) (Depths:4)
  8 wargs
  A spriggan simulacrum (Depths:3)
  16 swamp worms
  A harpy simulacrum (IceCv)
  9 insubstantial wisps
  Edmund (D:5)
  4 acid dragons
  12 water moccasins
  A floating eye (Depths:2)
  4 hydra simulacra
  A floating eye (shapeshifter) (Vaults:5)
  11 hell hounds
  9 porcupines
  A spectral spriggan (Depths:2)
  Duvessa (D:4)
  30 orc warriors
  A spiny frog zombie (Tomb:2)
  13 swamp drakes
  An ettin simulacrum (IceCv)
  Purgy (Sewer)
  3 sky beasts
  4 spectral trolls (Depths:2)
  43 ogres
  5 black bears
  3 eyes of draining (Slime:5)
  21 necrophages
  7 phantoms
  A snapping turtle zombie (Depths:2)
  9 boggarts
  5 ice beasts
  A lindwurm skeleton (Crypt:1)
  27 wolves
  14 centaurs
  A manticore skeleton (Crypt:2)
  An orc skeleton (Vaults:2)
  The ghost of zero the Chopper, an amateur GrBe of Trog (D:3)
  15 crocodiles
  A hog skeleton (Crypt:1)
  3 big kobolds (D:12)
  21 bullfrogs
  3 earth elementals
  A merfolk simulacrum (Depths:2)
  10 wyvern skeletons
  Dowan (D:4)
  4 scorpions
  A hornet simulacrum (D:10)
  A troll zombie (Swamp:3)
  A spectral ogre (Depths:2)
  2 spectral nagas (Depths:2)
  7 killer bees
  18 wights
  A howler monkey (D:10)
  A troll skeleton (Swamp:3)
  3 electric eels
  15 crimson imps
  4 spectral centaurs (Depths:2)
  2 quasits
  A bullfrog zombie (D:8)
  5 centaur zombies
  2 human zombies (Crypt:3)
  13 orc priests
  6 hounds
  19 orc wizards
  An iron imp (Hell)
  6 jellies
  Crazy Yiuf (D:6)
  A bullfrog skeleton (D:3)
  5 worker ants
  2 iguanas
  7 hell rats (Lair:4)
  A tengu zombie (Crypt:1)
  3 ogre zombies (Ossuary)
  An acid dragon zombie (Crypt:2)
  A demigod skeleton (Crypt:2)
  A hound zombie (D:5)
  3 hound skeletons
  41 mummies
  3 howler monkey zombies
  Robin (D:4)
  3 gnolls (D:6)
  12 adders
  A river rat (D:3)
  4 shadow imps
  3 white imps
  3 ufetubi (D:10)
  7 adder zombies
  An adder skeleton (Crypt:1)
  A worm (D:3)
  2 leopard geckos
  90 orcs
  3 ball pythons
  2 giant cockroaches
  A giant cockroach (shapeshifter) (Vaults:5)
  12 goblins
  9 hobgoblins
  14 jackals
  6 quokkas
  4 bats
  7 frilled lizards
  A frilled lizard zombie (Crypt:1)
  A gnoll zombie (Ossuary)
  4 goblin zombies (Ossuary)
  4 hobgoblin zombies (Ossuary)
  12 kobolds
  3 kobold zombies (Ossuary)
  A leopard gecko zombie (D:5)
  4 quokka zombies (Ossuary)
  15 rats
  3 rat zombies (Ossuary)
  3 crawling corpses
  3 fungi
  10 plants
  10 withered plants (Crypt:3)
2467 creatures vanquished.

Vanquished Creatures (collateral kills)
  A greater mummy (Tomb:2)
  Frances (D:12)
  An acid blob (Slime:3)
  A deep elf sorcerer (Elf:3)
  An emperor scorpion (Spider:4)
  A stone giant (Depths:5)
  A deep elf demonologist (Elf:3)
  A deep elf annihilator (Elf:3)
  A spark wasp (Spider:4)
  3 deep elf death magi (Elf:3)
  A death ooze (Slime:5)
  2 deep elf high priests (Elf:3)
  A rakshasa (Vaults:1)
  The ghost of esteth the Thaumaturge, a journeyman GnWz of Vehumet (D:9)
  A centaur warrior (D:15)
  2 two-headed ogres (Orc:2)
  An alligator (Swamp:1)
  2 deep troll shamans
  4 dancing weapons
  A spriggan (Depths:5)
  3 iron trolls
  2 skeletal warriors (D:15)
  7 deep trolls
  A deep elf archer (D:15)
  An orc knight (Vaults:1)
  An orc sorcerer (Orc:2)
  3 wolf spiders (Spider:4)
  4 orb spiders
  A deep elf mage (Elf:2)
  3 ugly things (D:14)
  A shining eye (Slime:3)
  A cyclops (Orc:2)
  A demonic crawler (Spider:4)
  2 guardian mummies
  2 jumping spiders
  A troll (Orc:2)
  3 hornets
  4 redbacks
  A tarantella (Spider:3)
  A golden eye (Slime:5)
  A warg (Orc:2)
  An orc warrior (Orc:2)
  4 ogres (Orc:2)
  An orc priest (Orc:2)
  3 mummies
81 creatures vanquished.

Vanquished Creatures (others)
  A titan (Vaults:5)
  2 dancing weapons (Elf:2)
  18 death scarabs (Tomb:2)
  A deep elf knight (Elf:2)
  A skeletal warrior (Hell)
  3 deep elf magi
  An ironbrand convoker (Vaults:5)
  A harpy (Vaults:5)
  A demonic crawler (Hell)
  A dire elephant skeleton (Tomb:2)
  A komodo dragon (shapeshifter) (Vaults:5)
  2 jumping spiders
  3 flying skulls (Tomb:2)
  A hog (Swamp:2)
  2 hell hounds (Depths:2)
  2 boggarts (Vaults:1)
  2 howler monkeys (D:9)
  4 mummies
  An orc (D:10)
  3 fungi (Depths:2)
  9 plants
  6 withered plants (Crypt:3)
66 creatures vanquished.

Grand Total: 2614 creatures vanquished

Notes
Turn   | Place    | Note
-------+----------+-------------------------------------------
     0 | D:1      | zero the Gargoyle Berserker began the quest for the Orb.
     0 | D:1      | Reached XP level 1. HP: 14/14 MP: 1/1
   721 | D:1      | Reached skill level 3 in Axes
   721 | D:1      | Reached XP level 2. HP: 19/19 MP: 2/2
  1195 | D:2      | Reached XP level 3. HP: 9/23 MP: 3/3
  1405 | D:2      | Reached ** piety under Trog
  1799 | D:3      | Noticed zero's ghost (amateur GrBe)
  1813 | D:3      | Killed zero's ghost
  1813 | D:3      | Reached skill level 4 in Axes
  1813 | D:3      | Reached XP level 4. HP: 29/29 MP: 2/4
  1813 | D:3      | Reached XP level 5. HP: 33/33 MP: 2/5
  2076 | D:3      | Found a glowing drain.
  2105 | Sewer    | Entered a sewer
  2209 | Sewer    | Noticed Purgy
  2228 | Sewer    | Killed Purgy
  2228 | Sewer    | Reached XP level 6. HP: 39/39 MP: 4/6
  3147 | D:4      | Found Xifub's Magic Scroll Shoppe.
  3207 | D:4      | Found a sparkling altar of Nemelex Xobeh.
  3229 | D:4      | Noticed Robin
  3244 | D:4      | Reached skill level 5 in Axes
  3264 | D:4      | Killed Robin
  3291 | D:4      | Noticed Duvessa
  3292 | D:4      | Noticed Dowan
  3323 | D:4      | Killed Duvessa
  3323 | D:4      | Reached skill level 5 in Fighting
  3323 | D:4      | Reached XP level 7. HP: 44/44 MP: 7/7
  3335 | D:4      | Killed Dowan
  3893 | D:4      | Reached skill level 6 in Axes
  3900 | D:4      | Reached skill level 5 in Armour
  3953 | D:4      | Reached XP level 8. HP: 11/51 MP: 1/8
  4262 | D:5      | Entered Level 5 of the Dungeon
  4879 | D:5      | Noticed Edmund
  4897 | D:5      | Killed Edmund
  4913 | D:5      | Reached *** piety under Trog
  4946 | D:5      | HP: 2/51 [ogre/giant spiked club (23)]
  5338 | D:5      | Reached skill level 7 in Axes
  5517 | D:6      | Got a crude scale mail
  5537 | D:6      | Identified the cursed +0 scale mail "Eting" {*Contam MR+ Dex+4 Stlth+} (You found it on level 6 of the Dungeon)
  5599 | D:6      | Noticed Prince Ribbit
  5717 | D:6      | Found a runed door.
  5865 | D:6      | HP: 2/52 [Prince Ribbit (6)]
  6196 | D:6      | Noticed Crazy Yiuf
  6201 | D:6      | Killed Crazy Yiuf
  6330 | D:7      | Reached XP level 9. HP: 57/57 MP: 7/9
  6386 | D:7      | Found a blossoming altar of Fedhas.
  6480 | D:7      | Reached skill level 8 in Axes
  6526 | D:7      | Found a sand-covered staircase.
  6532 | Ossuary  | Entered an ossuary
  6724 | Ossuary  | Reached **** piety under Trog
  6988 | D:7      | Found a staircase to the Ecumenical Temple.
  7169 | D:7      | Reached skill level 9 in Axes
  7489 | D:8      | Noticed a two-headed ogre
  7495 | D:8      | Killed a two-headed ogre
  7495 | D:8      | Reached XP level 10. HP: 51/65 MP: 7/10
  7960 | D:8      | Found a deep blue altar of Sif Muna.
  7986 | D:8      | Reached skill level 10 in Axes
  8307 | D:8      | Noticed a two-headed ogre
  8313 | D:8      | Killed a two-headed ogre
  8387 | D:8      | Found a burning altar of Makhleb.
  8839 | D:9      | Noticed a cyclops
  8854 | D:9      | Killed a cyclops
  8921 | D:9      | Reached ***** piety under Trog
  8977 | D:9      | Noticed esteth's ghost (journeyman GnWz)
  9042 | D:9      | Killed esteth's ghost
  9189 | D:9      | Reached XP level 11. HP: 59/71 MP: 9/11
  9293 | D:9      | Noticed Pikel
  9302 | D:9      | Killed Pikel
  9302 | D:9      | Reached skill level 11 in Axes
  9443 | D:9      | Found a staircase to the Orcish Mines.
  9897 | D:10     | Entered Level 10 of the Dungeon
  9930 | D:10     | Reached skill level 10 in Fighting
  9949 | D:10     | Noticed a purple ugly thing
  9959 | D:10     | Killed a purple ugly thing
 10049 | D:10     | Noticed a cyclops
 10051 | D:10     | Noticed a two-headed ogre
 10058 | D:10     | Killed a cyclops
 10066 | D:10     | Killed a two-headed ogre
 10066 | D:10     | Reached skill level 10 in Armour
 10250 | D:10     | Noticed a two-headed ogre
 10331 | D:10     | Gained mutation: You are resistant to hostile enchantments. (MR+) [potion of mutation]
 10331 | D:10     | Gained mutation: Your spells are a little harder to cast, but a little more powerful. [potion of mutation]
 10331 | D:10     | Gained mutation: You possess an exceptional clarity of mind. [potion of mutation]
 10331 | D:10     | Gained mutation: You are partially covered in icy blue scales. (AC +2) [potion of mutation]
 10360 | D:10     | Reached skill level 12 in Axes
 10569 | D:10     | Noticed a cyclops
 10578 | D:10     | Killed a cyclops
 10886 | D:10     | Killed a two-headed ogre
 11301 | D:11     | Noticed a two-headed ogre
 11306 | D:11     | Reached XP level 12. HP: 79/79 MP: 12/12
 11310 | D:11     | Killed a two-headed ogre
 11341 | D:11     | Found Haruxkida's Assorted Antiques.
 11361 | D:11     | Bought a copper ring for 160 gold pieces
 11361 | D:11     | Bought a scroll labeled WEG LU GADUFY for 32 gold pieces
 11742 | D:11     | Found a staircase to the Lair.
 11777 | D:11     | Received a gift from Trog
 12234 | Lair:1   | Entered Level 1 of the Lair of Beasts
 12353 | Lair:1   | Reached skill level 13 in Axes
 12551 | Lair:1   | Noticed Sonja
 12672 | Lair:1   | Reached skill level 1 in Shields
 13401 | Lair:1   | Killed Sonja
 14644 | Lair:3   | Reached XP level 13. HP: 78/85 MP: 11/13
 15016 | Lair:3   | Reached skill level 5 in Shields
 15422 | Lair:4   | Found a hole to the Spider Nest.
 15765 | Lair:4   | Found a staircase to the Swamp.
 16666 | Lair:5   | Noticed Snorg
 16673 | Lair:5   | Killed Snorg
 16682 | Lair:5   | Reached skill level 14 in Axes
 16778 | Lair:5   | Noticed Rupert
 16798 | Lair:5   | Killed Rupert
 16944 | Lair:5   | Found a staircase to the Slime Pits.
 16944 | Lair:5   | Found a viscous altar of Jiyva.
 17072 | Lair:5   | Noticed Nessos
 17076 | Lair:5   | Killed Nessos
 17356 | Lair:6   | Entered Level 6 of the Lair of Beasts
 17438 | Lair:6   | Received a gift from Trog
 17547 | Lair:6   | Gained mutation: Your large and strong wings let you fly indefinitely. [Gargoyle growth]
 17547 | Lair:6   | Reached XP level 14. HP: 87/92 MP: 14/14
 18249 | Lair:6   | Received a gift from Trog
 18252 | Lair:6   | Identified a scroll of acquirement
 18253 | Lair:6   | Got a steaming copper ring
 18257 | Lair:6   | Identified the ring of Gaajy {+Inv rN+ Int+3 Stlth+} (You acquired it on level 6 of the Lair of Beasts)
 19140 | D:12     | Found a shadowy altar of Dithmenos.
 19768 | D:12     | Noticed Frances
 19787 | D:12     | Killed Frances
 19787 | D:12     | Reached skill level 15 in Axes
 20123 | D:13     | Found a hazy altar of Hepliaklqana.
 20246 | D:13     | Reached skill level 10 in Shields
 20608 | D:13     | Found a gate to the Vaults.
 20656 | D:13     | Found a hazy altar of Hepliaklqana.
 21062 | D:14     | Received a gift from Trog
 21067 | D:14     | Reached XP level 15. HP: 67/99 MP: 5/15
 21308 | D:14     | Found a white marble altar of Elyvilon.
 21366 | D:14     | Got a pair of steaming boots
 21377 | D:14     | Identified the +2 pair of boots of Untold Secrets {rPois rC- Int+2} (You found it on level 14 of the Dungeon)
 21790 | Orc:1    | Entered Level 1 of the Orcish Mines
 22327 | Orc:2    | Entered Level 2 of the Orcish Mines
 22336 | Orc:2    | Received a gift from Trog
 22824 | Orc:2    | Found Qeuxzom's Weapon Shoppe.
 22837 | Orc:2    | Found Oceczeph's Antique Weapon Boutique.
 22842 | Orc:2    | Found Qealuan's Gadget Emporium.
 22843 | Orc:2    | Found Reghuit's Gadget Shoppe.
 23062 | Orc:2    | Found a staircase to the Elven Halls.
 23471 | D:15     | Entered Level 15 of the Dungeon
 23700 | D:15     | Reached skill level 16 in Axes
 24454 | D:15     | Found a staircase to the Depths.
 24494 | D:15     | Found Viph's Antique Armour Shop.
 24521 | D:15     | Found a shadowy altar of Dithmenos.
 24990 | Spider:1 | Entered Level 1 of the Spider Nest
 24990 | Spider:1 | Noticed an emperor scorpion
 25005 | Lair:4   | Killed an emperor scorpion
 25360 | Spider:1 | Reached XP level 16. HP: 104/106 MP: 5/16
 25583 | Spider:1 | Received a gift from Trog
 26807 | Spider:3 | Received a gift from Trog
 27147 | Spider:3 | Reached skill level 15 in Fighting
 27580 | Spider:4 | Entered Level 4 of the Spider Nest
 28400 | Spider:4 | Reached skill level 17 in Axes
 28644 | Spider:4 | Reached XP level 17. HP: 69/113 MP: 4/17
 29041 | Spider:4 | Received a gift from Trog
 29688 | Spider:4 | Got a gossamer rune of Zot
 29876 | Swamp:1  | Entered Level 1 of the Swamp
 29889 | Swamp:1  | Reached skill level 15 in Armour
 29964 | Swamp:1  | Received a gift from Trog
 30301 | Swamp:1  | Noticed Josephine
 30336 | Swamp:1  | Killed Josephine
 31175 | Swamp:2  | Noticed Kirke
 31188 | Swamp:2  | Killed Kirke
 31280 | Swamp:2  | Got a slimy granite ring
 31316 | Swamp:2  | Identified the ring of the Vanishing Wonders {+Fly rElec Dex+4} (You found it on level 2 of the Swamp)
 31670 | Swamp:2  | Received a gift from Trog
 31686 | Swamp:2  | Got a polished war axe {god gift}
 31983 | Swamp:2  | Reached skill level 18 in Axes
 32556 | Swamp:3  | Reached XP level 18. HP: 81/123 MP: 4/18
 32829 | Swamp:3  | Identified the +8 war axe of Ziel Tupedgh {venom, +Blink rC- Int+2 Stlth+} (Trog gifted it to you on level 2 of the Swamp)
 33365 | Swamp:4  | Entered Level 4 of the Swamp
 33452 | Swamp:4  | Reached skill level 15 in Shields
 33497 | Swamp:4  | Received a gift from Trog
 33617 | Swamp:4  | Noticed the 27-headed Lernaean hydra
 33636 | Swamp:4  | Killed the 23-headed Lernaean hydra
 33636 | Swamp:4  | Reached skill level 1 in Evocations
 34004 | Swamp:4  | Noticed Nikola
 34019 | Swamp:4  | Killed Nikola
 34473 | Swamp:4  | Got a decaying rune of Zot
 34888 | Elf:1    | Entered Level 1 of the Elven Halls
 34921 | Elf:1    | Noticed Louise
 34948 | Elf:1    | Killed Louise
 35417 | Elf:1    | Noticed Agnes
 35441 | Elf:1    | Killed Agnes
 35806 | Elf:2    | Received a gift from Trog
 35830 | Elf:2    | Found Lainey's Gadget Shop.
 35946 | Elf:2    | Found a runed gate.
 35946 | Elf:2    | Found a runed gate.
 35947 | Elf:2    | Found a runed gate.
 36175 | Elf:2    | Reached XP level 19. HP: 47/130 MP: 8/21
 37103 | Elf:2    | Reached skill level 19 in Axes
 37425 | Vaults:1 | Entered Level 1 of the Vaults
 39084 | Vaults:2 | Reached skill level 5 in Evocations
 39086 | Vaults:2 | Received a gift from Trog
 40144 | Vaults:2 | Found a staircase to the Crypt.
 41332 | Vaults:3 | Reached XP level 20. HP: 128/137 MP: 22/24
 41461 | Vaults:3 | Received a gift from Trog
 42063 | Vaults:3 | You are sucked into a shaft!
 42108 | Vaults:4 | Noticed Donald
 42134 | Vaults:4 | Killed Donald
 43511 | Depths:1 | Entered Level 1 of the Depths
 43516 | Depths:1 | Reached skill level 20 in Axes
 43623 | Depths:1 | Received a gift from Trog
 43891 | Depths:1 | Noticed zkyp's ghost (adept HuAr)
 43895 | Depths:1 | Gained mutation: You evolve. [a shining eye]
 43928 | Depths:1 | Killed zkyp's ghost
 44173 | Depths:1 | Found a one-way gate to the infinite horrors of the Abyss.
 44173 | Depths:1 | Lost mutation: You possess an exceptional clarity of mind. [evolution]
 44921 | Depths:1 | Received a gift from Trog
 44990 | Depths:1 | Reached XP level 21. HP: 134/144 MP: 23/25
 45024 | Depths:1 | Found a gateway to Hell.
 45209 | Depths:2 | Reached ****** piety under Trog
 45678 | Depths:2 | Received a gift from Trog
 45929 | Depths:2 | Noticed an ancient lich
 45948 | Depths:2 | Killed an ancient lich
 46105 | Depths:2 | Paralysed by a floating eye for 2 turns
 46804 | Depths:2 | Got a scorched wooden ring
 46893 | Depths:2 | Reached skill level 21 in Axes
 47076 | Depths:2 | Identified the ring of the Bull {rElec AC+3 Int+5 Slay-3 SInv} (You found it on level 2 of the Depths)
 47362 | Depths:3 | Found a magical portal.
 47369 | WizLab   | Entered Wucad Mu's Monastery
 47602 | WizLab   | Found the +9 staff of Wucad Mu {channel}
 48169 | WizLab   | Reached XP level 22. HP: 152/152 MP: 26/26
 48170 | WizLab   | Reached XP level 23. HP: 156/156 MP: 27/27
 48614 | Depths:3 | Found a transporter.
 48619 | Depths:3 | Found a deep blue altar of Sif Muna.
 48681 | Depths:3 | Reached XP level 24. HP: 163/163 MP: 27/27
 48805 | Depths:3 | Found a one-way gate leading to the halls of Pandemonium.
 48843 | Depths:3 | Received a gift from Trog
 48844 | Depths:3 | Got a crude longbow {god gift}
 49457 | Depths:3 | Found a transporter.
 49469 | Depths:3 | Noticed an ancient lich
 49485 | Depths:3 | Killed an ancient lich
 49854 | Depths:4 | Received a gift from Trog
 49923 | Depths:4 | Found a gateway to a ziggurat.
 49970 | Depths:4 | Reached skill level 22 in Axes
 51168 | Depths:4 | Found a stormy altar of Qazlal.
 51689 | Depths:5 | Entered Level 5 of the Depths
 51742 | Depths:5 | Reached XP level 25. HP: 52/169 MP: 11/27
 52642 | Depths:5 | Received a gift from Trog
 52814 | Depths:5 | Found a gate to the Realm of Zot.
 52933 | Depths:5 | Found Vuett's Jewellery Shoppe.
 52934 | Depths:5 | Found Huzicliv's Gadget Shop.
 52935 | Depths:5 | Found Mihicapa's Jewellery Shoppe.
 52941 | Depths:5 | Bought the amulet "Fuxze" {+Inv MR+ Regen+ Str+5} for 1141 gold pieces
 53248 | Vaults:5 | Entered Level 5 of the Vaults
 53440 | Vaults:5 | Noticed an ancient lich
 53463 | Vaults:4 | Killed an ancient lich
 53465 | Vaults:4 | Reached skill level 23 in Axes
 53820 | Vaults:5 | Received a gift from Trog
 54001 | Vaults:5 | Reached XP level 26. HP: 170/177 MP: 27/27
 54283 | Vaults:5 | Got a smoking wooden ring
 54332 | Vaults:5 | Noticed Sojobo
 54356 | Vaults:5 | Killed Sojobo
 54921 | Vaults:5 | Got a silver rune of Zot
 54942 | Vaults:5 | Identified the ring of Xuatrihi {rF+ rN+ Dex+2} (You took it off a yaktaur captain on level 5 of the Vaults)
 55782 | Elf:3    | Entered Level 3 of the Elven Halls
 55807 | Elf:3    | Noticed Serpenta's ghost (adept DrVM)
 55828 | Elf:3    | Killed Serpenta's ghost
 55879 | Elf:3    | Found Zaolakei's Book Emporium.
 55957 | Elf:3    | Found a frozen archway.
 55964 | IceCv    | Entered an ice cave
 56077 | IceCv    | Received a gift from Trog
 56082 | IceCv    | Reached skill level 24 in Axes
 56341 | Elf:3    | Found an ancient bone altar of Kikubaaqudgha.
 56563 | Elf:3    | Received a gift from Trog
 57413 | Elf:3    | Received a gift from Trog
 57423 | Elf:3    | Got a twitching brass amulet
 57612 | Elf:3    | Reached XP level 27. HP: 186/186 MP: 27/27
 58070 | Crypt:1  | Entered Level 1 of the Crypt
 58071 | Crypt:1  | Identified the amulet of Impatience {RegenMP Dex+4} (You took it off a deep elf mage on level 3 of the Elven Halls)
 58500 | Crypt:1  | Received a gift from Trog
 58551 | Crypt:1  | Found an ancient bone altar of Kikubaaqudgha.
 59500 | Crypt:3  | Entered Level 3 of the Crypt
 59734 | Crypt:3  | Received a gift from Trog
 59892 | Crypt:3  | Found a staircase to the Tomb.
 60093 | Crypt:3  | Reached skill level 25 in Axes
 60133 | Crypt:3  | Found a basalt altar of Yredelemnul.
 60384 | Crypt:3  | Received a gift from Trog
 61042 | Tomb:1   | Entered Level 1 of the Tomb of the Ancients
 61428 | Tomb:1   | Noticed a greater mummy
 61445 | Tomb:1   | Killed a greater mummy
 61500 | Tomb:1   | Noticed a greater mummy
 61535 | Tomb:1   | Killed a greater mummy
 61773 | Tomb:1   | Noticed an ancient lich
 61780 | Tomb:1   | Received a gift from Trog
 61789 | Tomb:1   | Killed an ancient lich
 62453 | Slime:1  | Entered Level 1 of the Pits of Slime
 62679 | Slime:3  | Gained mutation: You are weak. (Str -2) [a shining eye]
 62794 | Slime:5  | Entered Level 5 of the Pits of Slime
 63580 | Slime:5  | Found the +6 arbalest "Damnation" {damnation}
 63581 | Slime:5  | Reached skill level 26 in Axes
 63582 | Slime:5  | Noticed the Royal Jelly
 63599 | Slime:5  | Killed the Royal Jelly
 63640 | Slime:5  | Found the +7 longbow "Piercer" {penet, EV-2}
 63646 | Slime:5  | Received a gift from Trog
 63667 | Slime:5  | Got a slimy rune of Zot
 63677 | Slime:5  | Got a spiked plate armour
 63691 | Slime:5  | Identified the +1 plate armour of the Exiled People {rC+ Str+4 Dex+2} (You found it on level 5 of the Pits of Slime)
 63694 | Slime:5  | Got a shimmering shield
 63696 | Slime:5  | Identified the +2 shield of a sewer {rPois Str+7 Dex+4} (You found it on level 5 of the Pits of Slime)
 64379 | Tomb:2   | Noticed a greater mummy
 64379 | Tomb:2   | Noticed a greater mummy
 64388 | Tomb:2   | Noticed a greater mummy
 64388 | Tomb:2   | Noticed a greater mummy
 64532 | Tomb:2   | Lost mutation: You are weak. (Str -2) [evolution]
 64725 | Tomb:2   | Killed a greater mummy
 64993 | Tomb:2   | Killed a greater mummy
 65019 | Tomb:2   | Killed a greater mummy
 65061 | Tomb:2   | Killed a greater mummy
 65609 | Tomb:1   | Noticed a greater mummy
 65614 | Tomb:1   | Noticed a greater mummy
 65622 | Tomb:1   | Killed a greater mummy
 65624 | Tomb:1   | Noticed a greater mummy
 65629 | Tomb:1   | Killed a greater mummy
 65635 | Tomb:1   | Killed a greater mummy
 65766 | Tomb:1   | Noticed a greater mummy
 65767 | Tomb:1   | Noticed a greater mummy
 65768 | Tomb:1   | Noticed a greater mummy
 65843 | Tomb:1   | Killed a greater mummy
 65854 | Tomb:1   | Killed a greater mummy
 65901 | Tomb:1   | Noticed a greater mummy
 65908 | Tomb:1   | Killed a greater mummy
 65923 | Tomb:1   | Killed a greater mummy
 66094 | Tomb:1   | Noticed a greater mummy
 66096 | Tomb:1   | Noticed a greater mummy
 66106 | Tomb:1   | Noticed a greater mummy
 66109 | Tomb:1   | Killed a greater mummy
 66118 | Tomb:1   | Killed a greater mummy
 66171 | Tomb:1   | Killed a greater mummy
 66470 | Tomb:1   | Noticed a greater mummy
 66470 | Tomb:1   | Noticed a greater mummy
 66479 | Tomb:1   | Killed a greater mummy
 66480 | Tomb:1   | Killed a greater mummy
 66562 | Tomb:1   | Noticed a greater mummy
 66572 | Tomb:1   | Killed a greater mummy
 66950 | Hell     | Entered the Vestibule of Hell
 66957 | Hell     | Noticed Geryon
 67025 | Hell     | Reached skill level 27 in Axes
 67027 | Hell     | Received a gift from Trog
 67036 | Hell     | HP: 4/192 [smoke demon/divine providence (12)]
 67036 | Hell     | Killed from afar by a smoke demon

Vault maps used:
D:1:      mrwooster_arrival_statue
D:2:      first_bread, minmay_crystal_water
D:3:      portal_sewer_entry_a, serial_glass, glass_columns_b, glass_columns_a,
          kennysheep_crisscross
D:4:      serial_shops, shop, nemelex_spade_bored_becter, uniq_robin,
          uniq_duvessa
D:5:      uniq_edmund
D:6:      uniq_crazy_yiuf_cottage, uniq_prince_ribbit1
D:7:      temple_fountains, gup_ossuary_entry_pyramid, basic_altar,
          hangedman_decor_opposing
D:8:      lightli_temple_of_fire, basic_altar, the_bakery
D:9:      david_orc_3, uniq_pikel
D:10:     minmay_the_grid_four_pointed_star, serial_ice, serial_ice_f,
          serial_ice_d, serial_ice_g, serial_ice_l, serial_ice_o, serial_ice_n,
          serial_ice_c, serial_ice_a
D:11:     lair_entry_dummy, serial_shops, shop
D:12:     grunt_dithmenos_shadows, uniq_frances
D:13:     david_vaults_5, basic_altar, lemuel_tele_altar
D:14:     serial_bayou_ford_a, grunt_decor_clamped, elyvilon_altar_3
D:15:     hangedman_depths_entry_civil_slaughter, basic_altar,
          kennysheep_pointless_box, serial_shops, shop_coins
Lair:1:   minmay_lair_oklob_chamber, uniq_sonja
Lair:2:   roderic_carrion_pond
Lair:3:   lemuel_fruit_fields, lemuel_fruit_tree, grunt_megastairs_5
Lair:4:   swamp_mist, spider_nest_entry_webs
Lair:5:   slime_altar_1, uniq_rupert, uniq_nessos, uniq_snorg
Lair:6:   minmay_lair_end_enchanted_forest, infiniplex_staircase_pool
Swamp:1:  hangedman_swamp_ruin_wall, nicolae_swamp_round_clearing,
          uniq_josephine
Swamp:2:  hangedman_swamp_cone, uniq_kirke
Swamp:3:  evilmike_swamp_ruin_house_1, swamp_pool4, cheibrodos_swamp_minitomb
Swamp:4:  swamp_old_school, uniq_nikola
Spider:4: grunt_spider_rune_parallel, nicolae_crawler_farm
Slime:1:  cheibrodos_slime_lost_civilization_7
Slime:2:  nicolae_slime_welcoming_committee
Orc:1:    mines3_lemuel
Orc:2:    st_orc_open, lightli_volcano_entry_magma_tube
Elf:1:    elf_arrival_001, minmay_elf_crystal_heptagon, uniq_louise, uniq_agnes
Elf:2:    serial_shops, shop, basic_stair_grate_trap
Elf:3:    minmay_elf_hall_spiked, basic_altar, serial_shops,
          nicolae_shop_crystal, portal_ice_cave_entry_pillars_four
Vaults:1: st_diamondy, ontoclasm_vaults_loading_screen, v_pattern_2,
          nicolae_vaults_three_branches, vaults_dpeg_hooks
Vaults:2: hangedman_vaults_pinch, vaults_room_pools, vaults_room_glass_cross,
          hangedman_vaults_maws, vaults_dpeg_ring
Vaults:3: vaults_mumra_hexcomb, nicolae_vaults_good_morning_starshine,
          ontoclasm_vaults_tryst, nicolae_vaults_diagonal_hallway_6, v_misc_3,
          v_alt_pattern_6, vaults_room_corners, v_pattern_4,
          grunt_vaults_twisty, stair_cage_open, ontoclasm_vaults_idyll,
          grunt_vaults_hallway_long
Vaults:4: grunt_vaults_focal, v_alt_pattern_3, grunt_vaults_diagonal,
          vaults_dpeg_cross, ontoclasm_vaults_ligature,
          nicolae_vaults_big_angled_halls, nicolae_vaults_yaktaur_gun_rack,
          nicolae_vaults_little_squares_5, v_misc_18, v_misc_31, v_misc_14,
          nicolae_vaults_little_squares_2, uniq_donald
Vaults:5: serial_shops, uniq_sojobo
Crypt:1:  basic_altar, minmay_misc_feat_five, moated_statue,
          roderic_lattice_octagonal_star
Crypt:2:  tombwall_bobbens, grunt_megastairs_2
Crypt:3:  evilmike_haunted_forest
Depths:1: kennysheep_cluttered_room, hangedman_abyss_entry_splay, hellmouth_1,
          eino_small_chamber_without_monster,
          hangedman_abyss_or_decor_jellyfish_corner, grunt_ministairs_13,
          minmay_metal_thing
Depths:2: lemuel_river_lethe, hell_entry
Depths:3: gammafunk_sealed_library, hell_entry, roderic_roman_lattice,
          rand_demon_pan_entry_1, mu_enter_wizlab_2, serial_bayou_shore_a,
          minmay_staircase_bubble
Depths:4: regret_index_qazlal_generations, enter_ziggurat_d,
          abyss_entry_glasseish, hell_entry, kennysheep_doodads
Depths:5: evilmike_zot_entry_hall, hangedman_abyss_or_decor_passed,
          hangedman_geh_valley, minmay_shop_grove, basic_stair_grate_trap
Sewer:    sewer_co_purgy_island
Ossuary:  ossuary_boxes_badplayer
IceCv:    ice_cave_tombish
WizLab:   wizlab_wucad

Skill      XL: |  1  2  3  4  5  6  7  8  9 10 11 12 13 14 15 16 17 18 19 20 21 22 23 24 25 26 27 |
---------------+----------------------------------------------------------------------------------+-----
Axes           | 3 4 5 6 7 9 10 12 13 14 15 16 17 18 19 20 21 22 23 24 27 | 27.0
Fighting       | 4 5 7 8 9 10 11 12 13 14 15 17 18 19 20 21 22 24 | 24.5
Armour         | 3 4 5 6 8 9 10 11 12 13 14 15 16 17 18 19 20 21 23 | 23.5
Shields        | 4 8 10 12 13 14 15 16 17 18 19 20 | 20.1
Evocations     | 3 5 |  5.3
Dodging        | |  1.5

Action                   |  1- 3 |  4- 6 |  7- 9 | 10-12 | 13-15 | 16-18 | 19-21 | 22-24 | 25-27 || total
-------------------------+-------+-------+-------+-------+-------+-------+-------+-------+-------++-------
Melee: Hand axe          |   100 |   206 |    71 |       |       |       |       |       |       ||   377
       War axe           |       |       |   421 |       |       |       |       |       |       ||   421
       Battleaxe         |       |       |     6 |   592 |       |       |       |       |       ||   598
       Broad axe         |       |       |       |   220 |  1225 |  1837 |  1811 |   627 |  2562 ||  8282
Invok: Berserk           |     2 |     3 |     9 |     6 |    12 |     7 |    12 |     2 |    10 ||    63
       Trog's Hand       |       |     1 |     1 |     2 |    10 |     8 |    10 |     3 |    16 ||    51
       Burn Spellbooks   |       |       |     1 |     1 |     4 |     3 |     6 |     3 |     9 ||    27
       Brothers in Arms  |       |       |       |     2 |     5 |     7 |     4 |     2 |    14 ||    34
 Abil: Fly               |       |       |       |       |     1 |       |       |       |       ||     1
       Evoke Invisibilit |       |       |       |       |       |       |     1 |       |     2 ||     3
Evoke: Wand              |       |       |       |       |     1 |     1 |       |     2 |       ||     4
  Use: Scroll            |     1 |     9 |    18 |     9 |     7 |     9 |    19 |     4 |    25 ||   101
       Potion            |       |       |     2 |     1 |       |     2 |     4 |     1 |    17 ||    27
 Stab: Held in net/web   |       |       |       |       |     1 |       |       |       |       ||     1
       Distracted        |       |       |       |       |     1 |       |       |       |     6 ||     7
       Petrifying        |       |       |       |       |       |       |       |     2 |       ||     2
       Invisible         |       |       |       |       |       |       |       |       |    33 ||    33
  Eat: Royal jelly       |     1 |       |     2 |     2 |     1 |     8 |     3 |     2 |     1 ||    20
       Chunk             |     2 |     9 |    21 |    32 |    42 |    12 |    20 |     2 |    13 ||   153
       Fruit             |       |       |     2 |    13 |    11 |    15 |     6 |     1 |     4 ||    52
       Bread ration      |       |       |     2 |       |       |       |     2 |       |     3 ||     7
       Meat ration       |       |       |       |     1 |       |     2 |     4 |     2 |    10 ||    19
Armor: Animal skin       |     9 |       |       |       |       |       |       |       |       ||     9
       Ring mail         |    48 |    49 |       |       |       |       |       |       |       ||    97
       Chain mail        |       |    73 |   117 |       |       |       |       |       |       ||   190
       Scale mail        |       |       |   214 |       |       |       |       |       |       ||   214
       Plate armour      |       |       |     2 |   899 |   858 |  1602 |   995 |   262 |  1343 ||  5961
Dodge: Dodged            |    84 |   105 |   241 |   406 |   211 |   388 |   297 |    89 |   506 ||  2327
Block: Shield            |       |       |       |   110 |     6 |       |       |       |   647 ||   763
       Large shield      |       |       |       |       |  1305 |  2087 |  1829 |   512 |  2146 ||  7879

Table legend:
 A = Spawn XP
 B = Non-spawn XP
 C = Spawn XP percentage of total XP
 D = Spawn monster count
 E = Non-spawn monster count
 F = Spawn count percentage of total count
 G = Total turns spent on level
                    A         B        C        D         E        F      G
               +---------+---------+-------+---------+---------+-------+---------
         Total |       0 | 1451865 |   0.0 |       0 |    2521 |   0.0 | 67036
               +---------+---------+-------+---------+---------+-------+---------
           D:1 |       0 |      13 |   0.0 |       0 |       8 |   0.0 |  1165
           D:2 |       0 |      60 |   0.0 |       0 |      27 |   0.0 |   632
           D:3 |       0 |     263 |   0.0 |       0 |      25 |   0.0 |   976
           D:4 |       0 |     721 |   0.0 |       0 |      25 |   0.0 |  1115
           D:5 |       0 |     555 |   0.0 |       0 |      19 |   0.0 |  1175
           D:6 |       0 |     488 |   0.0 |       0 |      19 |   0.0 |   853
           D:7 |       0 |    1675 |   0.0 |       0 |      25 |   0.0 |   785
           D:8 |       0 |    3397 |   0.0 |       0 |      25 |   0.0 |  1152
           D:9 |       0 |    3199 |   0.0 |       0 |      30 |   0.0 |  1489
          D:10 |       0 |    7390 |   0.0 |       0 |      59 |   0.0 |  1490
          D:11 |       0 |    4770 |   0.0 |       0 |      28 |   0.0 |  1116
          D:12 |       0 |    4179 |   0.0 |       0 |      28 |   0.0 |  1134
          D:13 |       0 |    7081 |   0.0 |       0 |      21 |   0.0 |  1040
          D:14 |       0 |    9634 |   0.0 |       0 |      25 |   0.0 |  1482
          D:15 |       0 |   15714 |   0.0 |       0 |      42 |   0.0 |  1070
        Lair:1 |       0 |    5310 |   0.0 |       0 |      20 |   0.0 |  1356
        Lair:2 |       0 |    3377 |   0.0 |       0 |      20 |   0.0 |  1370
        Lair:3 |       0 |    4069 |   0.0 |       0 |      17 |   0.0 |   790
        Lair:4 |       0 |    6632 |   0.0 |       0 |      34 |   0.0 |  1513
        Lair:5 |       0 |    8546 |   0.0 |       0 |      19 |   0.0 |   995
        Lair:6 |       0 |   19547 |   0.0 |       0 |      81 |   0.0 |  1390
       Swamp:1 |       0 |   19018 |   0.0 |       0 |      43 |   0.0 |  1306
       Swamp:2 |       0 |   19017 |   0.0 |       0 |      41 |   0.0 |  1342
       Swamp:3 |       0 |   10008 |   0.0 |       0 |      34 |   0.0 |   899
       Swamp:4 |       0 |   31238 |   0.0 |       0 |      53 |   0.0 |  1206
      Spider:1 |       0 |   15937 |   0.0 |       0 |      49 |   0.0 |   876
      Spider:2 |       0 |    7169 |   0.0 |       0 |      19 |   0.0 |   633
      Spider:3 |       0 |   16954 |   0.0 |       0 |      51 |   0.0 |  1037
      Spider:4 |       0 |   38105 |   0.0 |       0 |      97 |   0.0 |  2038
       Slime:1 |       0 |    1362 |   0.0 |       0 |       5 |   0.0 |    72
       Slime:2 |       0 |    7372 |   0.0 |       0 |      11 |   0.0 |   225
       Slime:3 |       0 |    2551 |   0.0 |       0 |       5 |   0.0 |    44
       Slime:4 |       0 |   15934 |   0.0 |       0 |      24 |   0.0 |   273
       Slime:5 |       0 |   43377 |   0.0 |       0 |      43 |   0.0 |   942
         Orc:1 |       0 |    2100 |   0.0 |       0 |      38 |   0.0 |   804
         Orc:2 |       0 |   16577 |   0.0 |       0 |      53 |   0.0 |   943
         Elf:1 |       0 |   13964 |   0.0 |       0 |      22 |   0.0 |   996
         Elf:2 |       0 |   30399 |   0.0 |       0 |      46 |   0.0 |  1545
         Elf:3 |       0 |   67721 |   0.0 |       0 |      70 |   0.0 |  1734
      Vaults:1 |       0 |   14999 |   0.0 |       0 |      24 |   0.0 |  1338
      Vaults:2 |       0 |   30309 |   0.0 |       0 |      53 |   0.0 |  1924
      Vaults:3 |       0 |   41105 |   0.0 |       0 |      63 |   0.0 |  1643
      Vaults:4 |       0 |   68057 |   0.0 |       0 |      73 |   0.0 |  1735
      Vaults:5 |       0 |  133777 |   0.0 |       0 |     118 |   0.0 |  1820
       Crypt:1 |       0 |   18010 |   0.0 |       0 |      35 |   0.0 |   620
       Crypt:2 |       0 |   31193 |   0.0 |       0 |      39 |   0.0 |   858
       Crypt:3 |       0 |   72786 |   0.0 |       0 |     113 |   0.0 |  1727
        Tomb:1 |       0 |  145869 |   0.0 |       0 |      75 |   0.0 |  2385
        Tomb:2 |       0 |   56556 |   0.0 |       0 |      89 |   0.0 |  1207
      Depths:1 |       0 |   58557 |   0.0 |       0 |      75 |   0.0 |  1637
      Depths:2 |       0 |   69361 |   0.0 |       0 |     128 |   0.0 |  2035
      Depths:3 |       0 |   80007 |   0.0 |       0 |      89 |   0.0 |  1616
      Depths:4 |       0 |   76321 |   0.0 |       0 |      75 |   0.0 |  2039
      Depths:5 |       0 |   51203 |   0.0 |       0 |      54 |   0.0 |  1322
          Hell |       0 |   27576 |   0.0 |       0 |      46 |   0.0 |    86
         Sewer |       0 |     153 |   0.0 |       0 |       8 |   0.0 |   374
       Ossuary |       0 |     351 |   0.0 |       0 |      37 |   0.0 |   403
         IceCv |       0 |    9030 |   0.0 |       0 |      25 |   0.0 |   323
        WizLab |       0 |    1222 |   0.0 |       0 |       1 |   0.0 |   941
               +---------+---------+-------+---------+---------+-------+---------
